 Dungeon Crawl Stone Soup version 0.28.0 (webtiles) character file.

Game seed: 4673887621194496698

11634 arthad the Fighter (level 11, -1/73 HPs)
             Began as a Gargoyle Fighter on Feb 13, 2022.
             Was an Elder of Okawaru.
             Slain by a polar bear (21 damage)
             ... on level 11 of the Dungeon.
             The game lasted 00:39:22 (13026 turns).

arthad the Fighter (Gargoyle Fighter)              Turns: 13026, Time: 00:39:23

Health: -1/73      AC: 17    Str: 24    XL:     11   Next: 80%
Magic:  18/19      EV: 15    Int:  9    God:    Okawaru [****..]
Gold:   484        SH: 10    Dex:  9    Spells: 20/20 levels left

rFire   . . .      SeeInvis .   a - +0 war axe
rCold   + . .      Faith    .   B - +1 kite shield
rNeg    + . .      Spirit   .   H - +0 steam dragon scales
rPois   ∞          Reflect  .   (no helmet)
rElec   +          Harm     .   W - scarf {shadows}
rCorr   .          Rampage  .   x - +0 pair of gloves
Will    .....                   w - +0 pair of boots
Stlth   ++........              (no amulet)
HPRegen 0.22/turn               i - +4 ring of evasion
MPRegen 0.16/turn               Z - ring of protection from cold

@: mighty, hasted, very quick
A: sickness immunity, AC +8, negative energy resistance 1, electricity
resistance, torment resistance 1, petrification resistance
a: Renounce Religion, Heroism, Finesse


You were on level 11 of the Dungeon.
You worshipped Okawaru.
Okawaru was greatly pleased with you.
You visited 2 branches of the dungeon, and saw 12 of its levels.
You also visited: Ossuary.

You collected 828 gold pieces.
You spent 344 gold pieces at shops.

Inventory:

Hand Weapons
 a - a +0 war axe (weapon)
 z - a +1 morningstar of draining
 R - a +4 scimitar of flaming
Missiles
 y - 15 poisoned darts (quivered)
Armour
 r - a +2 robe of the Archmagi
 w - a +0 pair of boots (worn)
 x - a +0 pair of gloves (worn)
 B - a +1 kite shield (worn)
 H - +0 steam dragon scales (worn)
 W - a scarf of shadows (worn)
Magical Staves
 c - a staff of death
Jewellery
 i - a +4 ring of evasion (left hand)
 j - a +6 ring of dexterity
 m - a ring of wizardry
 F - a +6 ring of intelligence
 M - a ring of willpower
 X - a ring of fire
 Z - a ring of protection from cold (right hand)
Wands
 q - a wand of flame (17)
 C - a wand of paralysis (21)
 D - a wand of charming (6)
 O - a wand of digging (4)
 Q - a wand of iceblast (10)
 S - a wand of mindburst (6)
Scrolls
 b - 2 scrolls of magic mapping
 e - a scroll of vulnerability
 f - 3 scrolls of enchant armour
 g - 2 scrolls of identify
 l - 7 scrolls of teleportation
 o - 2 scrolls of silence
 v - 2 scrolls of fear
 A - a scroll of acquirement {unknown}
 T - a scroll of fog
 V - 3 scrolls of blinking
Potions
 h - a potion of haste
 p - 3 potions of attraction
 s - a potion of resistance
 t - a potion of invisibility
 u - 2 potions of cancellation
 J - 2 potions of berserk rage
 L - 2 potions of mutation
 N - a potion of ambrosia {unknown}
 P - a potion of lignification {unknown}
 U - a potion of brilliance {unknown}
 Y - a potion of magic {unknown}


   Skills:
 * Level 10.5 Fighting
 * Level 8.6 Axes
 + Level 7.9 Armour
 + Level 5.0 Dodging
 + Level 3.0 Stealth
 + Level 7.9 Shields
 + Level 5.3 Spellcasting
 + Level 2.6 Invocations


You had 20 spell levels left.
You didn't know any spells.
Your spell library contained the following spells:

 Spells                   Type           Power      Damage    Failure   Level
 Foxfire                  Conj/Fire      8%         2x1d4     50%         1
 Magic Dart               Conj           8%         1d3       50%         1
 Shock                    Conj/Air       8%         1d3       50%         1
 Sting                    Tmut/Pois      8%         1d3       50%         1
 Poisonous Vapours        Pois/Air       4%         N/A       65%         2
 Static Discharge         Conj/Air       2%         N/A       65%         2
 Conjure Flame            Conj/Fire      2%         6-21      86%         3
 Dazzling Flash           Conj/Hex       4%         N/A       86%         3
 Inner Flame              Hex/Fire       2%         N/A       86%         3
 Mephitic Cloud           Conj/Pois/Air  2%         N/A       86%         3
 Ozocubu's Armour         Ice            2%         N/A       86%         3
 Swiftness                Air            2%         N/A       86%         3
 Airstrike                Air            1%         N/A       99%         4
 Dispel Undead            Necr           2%         3d7       99%         4
 Flame Wave               Conj/Fire      2%         2d4       99%         4
 Iskenderun's Mystic Bla  Conj/Tloc      2%         2d3       99%         4
 Olgreb's Toxic Radiance  Pois           2%         N/A       99%         4
 Sticky Flame             Conj/Fire      2%         2d3       99%         4
 Agony                    Necr           2%         N/A       100%        5
 Blade Hands              Tmut           1%         N/A       100%        5
 Irradiate                Conj/Tmut      1%         3d14      100%        5
 Silence                  Hex/Air        1%         N/A       100%        5
 Starburst                Conj/Fire      1%         6d3       100%        6
 Dragon Form              Tmut           1%         N/A       100%        7
 Orb of Destruction       Conj           1%         9d5       100%        7
 Ozocubu's Refrigeration  Ice            1%         4d5       100%        7
 Ignition                 Fire           1%         3d3       100%        8
 Call Imp                 Summ           Unusable   N/A       N/A         2
 Summon Guardian Golem    Hex/Summ       Unusable   N/A       N/A         3
 Spellforged Servitor     Conj/Summ      Unusable   N/A       N/A         7

Dungeon Overview and Level Annotations

Branches:
Dungeon (11/15)            Temple (1/1) D:7            Lair (0/6) D:9
    Orc (0/2) D:10        Ossuary (visited)

Altars:
Ashenzari
Cheibriados
Dithmenos
Elyvilon
Fedhas
Gozag
Hepliaklqana
Kikubaaqudgha
Makhleb
Nemelex Xobeh
Okawaru
Qazlal
Ru
Sif Muna
Trog
Uskayaw
Vehumet
Wu Jian
Xom
Yredelemnul
Zin
The Shining One

Shops:
D:3 :   D:9 [?*!   D:10 [   D:11 *


Innate Abilities, Weirdness & Mutations

You are immune to sickness and miasma.
Your stone body is resilient. (AC +8)
You are immune to poison.
You resist negative energy. (rN+)
You are resistant to electric shocks. (rElec)
You are resistant to unholy torment.
You are immune to petrification.


Message History

The freezing wraith hits you but does no damage.
Unknown command.
You closely miss the rime drake.
The rime drake is severely wounded.
You hit the freezing wraith. You block the rime drake's attack.
The freezing wraith hits you but does no damage.
The freezing wraith completely misses you.
Unknown command.
Unknown command.
You slash the rime drake!
You kill the rime drake!
Okawaru accepts your kill.
You slash the freezing wraith!
You feel like a meek peon again.
Unknown command.
You hit the freezing wraith but do no damage.
The freezing wraith is heavily damaged.
You barely miss the polar bear. The freezing wraith misses you.
The freezing wraith hits you but does no damage.
Unknown command.
Unknown command.
Unknown command.
You slash the polar bear!
The polar bear is moderately wounded.
You barely miss the freezing wraith. You block the polar bear's attack.
The polar bear claws you but does no damage.
You block the polar bear's attack. The freezing wraith closely misses you.
The freezing wraith completely misses you.
Unknown command.
Unknown command.
You slice the polar bear!!
The polar bear is severely wounded.
You slash the freezing wraith!
The polar bear goes berserk!
You block the freezing wraith's attack. The freezing wraith barely misses you.
Unknown command.
Unknown command.
You slash the polar bear!
The polar bear is almost dead.
You hit the freezing wraith. The polar bear bites you!!
You die...

####.#.#. #.# #.
.....### #.# #.# #.
###### ...# #.# #####.#
#. <...# #...# #.#
#.....###. ##### ....#
#.# #.######.. # #...##
#.# #.# #.# # #...# #.#
#.# #.# #
:..#..†####.###.######.#
#:...#W@................
)..#..h#.....[..........
#..h#.#.####.######.#
#...##.#.# #.# #.#
....##..#.# #.# #.#
#...###....# #.# #.#
...##...#..# #.# #.#
###....####.######.#
##.#.†...........#


You could see 2 polar bears and a freezing wraith.

Vanquished Creatures
  Erica (D:8)
  Pikel (D:7)
  A manticore (D:11)
  A gargoyle (D:10)
  4 rime drakes (D:11)
  4 trolls
  A hornet (D:9)
  A vampire (D:10)
  5 yaks
  3 wraiths
  Grum (D:8)
  A wyvern (D:8)
  3 steam dragons
  2 water moccasins (D:7)
  Edmund (D:6)
  3 orc warriors
  5 sky beasts
  2 ice beasts
  A necrophage (D:6)
  4 ogres
  6 centaurs
  4 wolves (D:8)
  5 phantoms
  3 bullfrogs
  A water moccasin zombie (D:5)
  A wyvern zombie (D:8)
  2 scorpions
  A water moccasin skeleton (D:5)
  5 killer bees
  A howler monkey (D:5)
  A jelly (D:5)
  4 centaur zombies
  11 orc priests
  A gnoll shaman (D:10)
  3 hounds
  2 human zombies (Ossuary)
  Crazy Yiuf (D:7)
  Terence (D:3)
  Jessica (D:3)
  18 orc wizards
  A killer bee zombie (D:5)
  8 ogre zombies (D:10)
  2 hound zombies
  4 mummies (Ossuary)
  A hound skeleton (D:4)
  6 gnolls
  3 adders
  3 white imps
  3 adder zombies (Ossuary)
  3 worms
  3 dart slugs
  39 orcs
  6 bats
  3 endoplasms
  A giant cockroach (D:2)
  12 hobgoblins
  7 jackals
  11 kobolds
  5 quokkas
  3 ball pythons
  3 frilled lizards
  16 goblins
  2 goblin skeletons (D:10)
  2 goblin zombies
  3 hobgoblin zombies
  2 jackal zombies (Ossuary)
  2 kobold zombies (Ossuary)
  5 orc skeletons (D:10)
  15 orc zombies (D:10)
  7 rats
  2 rat zombies
300 creatures vanquished.

Vanquished Creatures (others)
  An orc wizard (D:9)
  3 plants
4 creatures vanquished.

Grand Total: 304 creatures vanquished

Notes
Turn   | Place    | Note
-------+----------+-------------------------------------------
     0 | D:1      | arthad the Gargoyle Fighter began the quest for the Orb.
     0 | D:1      | Reached XP level 1. HP: 14/14 MP: 1/1
   123 | D:1      | Reached XP level 2. HP: 19/19 MP: 2/2
  1219 | D:2      | Reached XP level 3. HP: 24/24 MP: 3/3
  1316 | D:2      | Found a faded altar of an unknown god.
  2173 | D:3      | Reached XP level 4. HP: 29/29 MP: 4/4
  2180 | D:3      | Noticed Jessica
  2183 | D:3      | Reached skill level 4 in Fighting
  2538 | D:3      | Killed Jessica
  2619 | D:3      | Found Garphiop's Book Shop.
  2629 | D:3      | Reached XP level 5. HP: 23/33 MP: 5/5
  2640 | D:3      | Noticed Terence
  2664 | D:3      | Killed Terence
  3051 | D:3      | Found a glowing silver altar of Zin.
  3138 | D:3      | Reached XP level 6. HP: 35/39 MP: 6/6
  3350 | D:4      | Reached skill level 1 in Dodging
  3350 | D:4      | Reached skill level 1 in Spellcasting
  3494 | D:4      | Reached skill level 5 in Fighting
  3494 | D:4      | Reached XP level 7. HP: 44/44 MP: 8/8
  4247 | D:5      | Entered Level 5 of the Dungeon
  4335 | D:5      | Reached skill level 5 in Armour
  4335 | D:5      | Reached XP level 8. HP: 19/51 MP: 10/10
  4532 | D:5      | Reached skill level 5 in Shields
  4546 | D:5      | Reached skill level 6 in Fighting
  5006 | D:5      | Found a radiant altar of Vehumet.
  5334 | D:5      | Reached skill level 5 in Axes
  6208 | D:6      | Noticed Edmund
  6217 | D:6      | Killed Edmund
  6218 | D:6      | Reached skill level 7 in Fighting
  6218 | D:6      | Reached XP level 9. HP: 45/57 MP: 13/13
  6351 | D:6      | Found a hazy altar of Hepliaklqana.
  6454 | D:6      | Found an ornate altar of the Wu Jian Council.
  7024 | D:7      | Found a sand-covered staircase.
  7032 | Ossuary  | Entered an ossuary
  7510 | D:7      | Reached skill level 8 in Fighting
  7651 | D:7      | Noticed Pikel
  7656 | D:7      | Found a staircase to the Ecumenical Temple.
  7725 | D:7      | Found an ancient bone altar of Kikubaaqudgha.
  8043 | D:7      | Found a runed translucent door.
  8044 | D:7      | Noticed Crazy Yiuf
  8231 | D:7      | Reached XP level 10. HP: 59/65 MP: 15/15
  8394 | D:7      | Killed Crazy Yiuf
  8761 | D:8      | Found a hide-covered altar of Uskayaw.
  8769 | D:8      | Noticed Grum
  8771 | D:8      | Noticed Erica
  8781 | D:8      | Killed Grum
  8792 | D:8      | Killed Erica
  8806 | D:7      | HP: 3/65 [lemure[Pikel] (5)]
  8808 | D:7      | Killed Pikel
  8809 | D:7      | Reached skill level 9 in Fighting
  8829 | Temple   | Entered the Ecumenical Temple
  9281 | Temple   | Became a worshipper of Warmaster Okawaru
  9434 | D:8      | Found a glowing golden altar of the Shining One.
  9849 | D:9      | Reached * piety under Okawaru
  9976 | D:9      | Found an opulent altar of Gozag.
 10011 | D:9      | Found Uweewk's Magic Scroll Shop.
 10019 | D:9      | Bought a scroll of enchant armour for 82 gold pieces
 10019 | D:9      | Bought a scroll of fog for 22 gold pieces
 10151 | D:9      | Found Manwom's Distillery.
 10156 | D:9      | Bought a potion of degeneration for 12 gold pieces
 10156 | D:9      | Bought a potion of curing for 36 gold pieces
 10156 | D:9      | Bought a potion of heal wounds for 60 gold pieces
 10156 | D:9      | Bought a potion of curing for 36 gold pieces
 10156 | D:9      | Bought a potion of mutation for 96 gold pieces
 10226 | D:9      | Found a staircase to the Lair.
 10275 | D:9      | Found Pelom's General Store.
 10353 | D:9      | Found Buuh Recs's Antique Armour Shop.
 10480 | D:9      | Reached XP level 11. HP: 72/72 MP: 18/18
 10634 | D:9      | Reached ** piety under Okawaru
 10635 | D:9      | Reached skill level 1 in Stealth
 10680 | D:9      | Found a shimmering altar of Xom.
 10748 | D:10     | Entered Level 10 of the Dungeon
 10828 | D:10     | Found a staircase to the Orcish Mines.
 10986 | D:10     | Reached skill level 1 in Invocations
 11383 | D:10     | Found Tishpak's Dragon-Slaying Spoils.
 11598 | D:10     | Reached skill level 10 in Fighting
 11598 | D:10     | Reached skill level 5 in Spellcasting
 11848 | D:10     | Reached *** piety under Okawaru
 12009 | D:10     | Found a burning altar of Makhleb.
 12311 | D:11     | Noticed a manticore
 12326 | D:11     | Killed a manticore
 12446 | D:11     | Found Ysiuri's Assorted Antiques.
 12993 | D:11     | Found the +8 frozen axe "Frostbite" {freezing cloud, *Noise
                  | Fly rC+}
 13013 | D:11     | Reached **** piety under Okawaru
 13017 | D:11     | HP: 2/73 [freezing wraith (8)]
 13018 | D:11     | Reached skill level 5 in Dodging
 13026 | D:11     | Slain by a polar bear

Illustrated notes

Levels and vault maps discovered:
D:1:      wheals_arrival_linesprint, layout_basic, serial_co_window_serial,
          co_window_corner_a, co_window_of_opportunity_a, co_window_paths_a,
          co_window_paths_a, co_window_corner_a, co_window_paths_b,
          co_window_unsneaky_path_c, co_window_corner_b, co_window_corner_b,
          co_window_corner_ca, glass_columns_a, glass_columns_c,
          glass_columns_a, glass_columns_a, glass_columns_c,
          minmay_misc_feat_iff
D:2:      layout_basic, chequers_ecumenical_altar_simple_redux, serial_forest,
          infiniplex_forest_straight_1, infiniplex_forest_lined_1,
          infiniplex_forest_end_3, infiniplex_forest_lined_4_way
D:3:      layout_basic, mainiacjoe_overflow_small_starburst, serial_shops,
          nicolae_shop_competitors_out_of_business, uniq_jessica, uniq_terence
D:4:      corexii_shack_village, layout_rooms, minmay_quadrilaterals
D:5:      layout_layer_cave, nicolae_vehumet_radiance
D:6:      layout_loops_ring, pdpol_wu_jian_five_deadly_venoms,
          lemuel_tele_altar, uniq_edmund
D:7:      minmay_chambers_of_fours, layout_cave_pods, marbit_many_paths,
          minmay_temple_entry_from_below_a, enter_ossuary_4,
          hangedman_misty_isle, uniq_crazy_yiuf_cottage, uniq_pikel
D:8:      layout_cave_pools, eat_drink_and_be_merry_uskayaw,
          nicolae_tso_swordbearing_angel, kennysheep_generic_room_3, uniq_erica,
          uniq_grum
D:9:      layout_basic, nicolae_gozag_seed_capital, tgw_xom, lair_entry_dummy,
          serial_shops, shop, nicolae_shop_trees, nicolae_diamond_shop,
          nicolae_shop_statue_plus
D:10:     layout_roguey, mainiacjoe_overflow_catwalk, zombieorc2_lemuel,
          nicolae_shop_dragon_depot, kennysheep_dice
D:11:     minmay_coctagon, layout_loops_ring, serial_shops, shop_fountains
Temple:   minmay_temple_bridge_abc

Skill      XL: |  1  2  3  4  5  6  7  8  9 10 11 |
---------------+----------------------------------+-----
Axes           | 2 3 4 5 6 7 8 |  8.6
Fighting       | 4 5 7 8 9 10 | 10.5
Armour         | 4 5 6 7 |  7.9
Shields        | 4 5 6 7 |  7.9
Dodging        | 1 2 3 4 5 |  5.0
Spellcasting   | 1 2 3 4 5 |  5.3
Stealth        | 3 |  3.0
Invocations    | 2 |  2.6

Action                   |  1- 3 |  4- 6 |  7- 9 | 10-12 || total
-------------------------+-------+-------+-------+-------++-------
Melee: War axe           |   126 |   128 |   133 |   130 ||   517
       Morningstar       |       |       |   197 |   288 ||   485
Throw: Dart              |       |       |    12 |     6 ||    18
Invok: Heroism           |       |       |       |     3 ||     3
Evoke: Wand              |       |       |     1 |     1 ||     2
  Use: Potion            |       |     2 |     7 |    15 ||    24
       Scroll            |       |       |    14 |     1 ||    15
 Stab: Sleeping          |       |       |     1 |       ||     1
       Invisible         |       |       |       |     1 ||     1
Armor: Scale mail        |    44 |    50 |   171 |       ||   265
       Steam dragon scal |       |       |     4 |   257 ||   261
Dodge: Dodged            |    67 |    75 |   250 |   489 ||   881
Block: Buckler           |    20 |    35 |    46 |       ||   101
       Kite shield       |       |       |   121 |   406 ||   527
